 Dungeon Sprint DCSS version 0.29-a0-817-g9904bce7a6 (webtiles) character file.

Game seed: 10981393701941194503

12693 wilfster70 the Minotaur Cataclysm (level 11, -14/117 HPs)
             Began as a Minotaur Fighter on July 5, 2022.
             Was a High Priest of Qazlal.
             Demolished by an iron golem (34 damage)
             ... in the Dungeon (Sprint V: "Ziggurat Sprint").
             The game lasted 00:06:43 (1212 turns).

wilfster70 the Minotaur Cataclysm (MiFi)            Turns: 1212, Time: 00:06:43

Health: -14/117    AC: 21    Str: 26    XL:     11   Next: 65%
Magic:  1/23       EV:  2    Int:  9    God:    Qazlal [*****.]
Gold:   0          SH: 38    Dex: 11    Spells: 10/10 levels left

rFire   + + .      SeeInvis +   a - +11 lance "Wyrmbane" {slay drac, rPois rF+ rC+ AC+3}
rCold   + + +      Faith    .   b - +18 shield of the Gong {rElec rN+ Will+ EV-5}
rNeg    + . .      Spirit   .   k - +5 gold dragon scales
rPois   +          Reflect  .   o - +0 mask of the Dragon {Will+ Slay+3 SInv}
rElec   +          Harm     .   (no cloak)
rCorr   .          Rampage  .   (no gloves)
Will    ++...      NoTele   +   (no boots)
Stlth   ..........              (no amulet)
HPRegen 0.29/turn               p - +6 ring of strength
MPRegen 0.18/turn               C - +4 ring of evasion

@: mighty, protected from cold, repel missiles
A: horns 2, retaliatory headbutt
a: Renounce Religion, Upheaval, Elemental Force, Disaster Area


You were in the Dungeon.
You worshipped Qazlal.
Qazlal was extremely pleased with you.
You visited 1 branch

Inventory:

Hand Weapons
 a - the +11 lance "Wyrmbane" (weapon) {slay drac, rPois rF+ rC+ AC+3}
   (You found it in the Dungeon)

   It inflicts extra damage against dragons and draconians.
   AC:        It affects your AC (+3).
   rF:        It protects you from fire.
   rC:        It protects you from cold.
   rPois:     It protects you from poison.
Armour
 b - the +18 shield of the Gong (worn) {rElec rN+ Will+ EV-5}
   (You found it in the Dungeon)

   It is deafeningly noisy when blocking attacks.
   EV:        It affects your evasion (-5).
   rElec:     It insulates you from electricity.
   rN:        It protects you from negative energy.
   Will:      It increases your willpower.
 k - +5 gold dragon scales (worn)
 o - the +0 mask of the Dragon (worn) {Will+ Slay+3 SInv}
   (You found it in the Dungeon)

   Slay:      It affects your accuracy & damage with ranged weapons and melee
   (+3).
   SInv:      It lets you see invisible.
   Will:      It increases your willpower.
Jewellery
 l - a ring of magical power
 m - a ring of resist corrosion
 p - a +6 ring of strength (left hand)
 C - a +4 ring of evasion (right hand)
Wands
 s - a wand of acid (7)
 z - a wand of mindburst (7)
Scrolls
 c - 4 scrolls of enchant weapon
 j - 4 scrolls of blinking
 r - 5 scrolls of identify
 x - 4 scrolls of amnesia
 y - 7 scrolls of fog
 A - 2 scrolls of fear
 B - 3 scrolls of brand weapon
Potions
 d - 5 potions of might
 e - 10 potions of curing
 f - 7 potions of heal wounds
 g - 10 potions of haste
 h - 7 potions of magic
 i - 2 potions of berserk rage
 t - 2 potions of brilliance
 u - 2 potions of invisibility
 v - 4 potions of resistance
 w - a potion of experience
Miscellaneous
 n - a tin of tremorstones (1/2)
 q - a box of beasts
 D - a condenser vane


   Skills:
 - Level 17.6 Fighting
 - Level 12.0 Polearms
 - Level 3.6 Armour
 - Level 14.1 Shields
 + Level 18.5 Invocations
 + Level 9.1 Evocations


You had 10 spell levels left.
You didn't know any spells.
Your spell library contained the following spells:

 Spells                   Type           Power      Damage    Failure   Level
 Magic Dart               Conj           0%         1d3       100%        1
 Necrotise                Necr           0%         1d4       100%        1
 Call Imp                 Summ           0%         N/A       100%        2
 Scorch                   Fire           0%         2d5       100%        2
 Confusing Touch          Hex            0%         N/A       100%        3
 Mephitic Cloud           Conj/Pois/Air  0%         N/A       100%        3
 Portal Projectile        Hex/Tloc       0%         N/A       100%        3
 Tukima's Dance           Hex            0%         N/A       100%        3
 Anguish                  Hex/Necr       0%         N/A       100%        4
 Animate Dead             Necr           0%         N/A       100%        4
 Corpse Rot               Necr/Pois/Air  0%         N/A       100%        4
 Flame Wave               Conj/Fire      0%         2d4       100%        4
 Hailstorm                Conj/Ice       0%         3d3       100%        4
 Agony                    Necr           0%         N/A       100%        5
 Blade Hands              Tmut           0%         N/A       100%        5
 Fireball                 Conj/Fire      0%         3d3       100%        5
 Freezing Cloud           Conj/Ice/Air   0%         6-21      100%        5
 Yara's Violent Unravell  Hex/Tmut       0%         3d3       100%        5
 Death Channel            Necr           0%         N/A       100%        6
 Dispersal                Tloc           0%         N/A       100%        6
 Simulacrum               Ice/Necr       0%         N/A       100%        6
 Starburst                Conj/Fire      0%         6d3       100%        6
 Summon Cactus Giant      Summ           0%         N/A       100%        6
 Enfeeble                 Hex            0%         N/A       100%        7
 Disjunction              Tloc           0%         N/A       100%        8
 Polar Vortex             Ice            0%         N/A       100%        9
 Shatter                  Erth           0%         3d5*      100%        9


Dungeon Overview and Level Annotations

Branches:
Dungeon (1/1)

Altars:
Ashenzari
Cheibriados
Dithmenos
Elyvilon
Fedhas
Gozag
Hepliaklqana
Kikubaaqudgha
Makhleb
Nemelex Xobeh
Okawaru
Qazlal
Ru
Sif Muna
Trog
Uskayaw
Vehumet
Wu Jian
Xom
Yredelemnul
Zin
The Shining One
Jiyva
Lugonu

Annotations:
D 1 transporter


Innate Abilities, Weirdness & Mutations

You have a pair of horns on your head.
You reflexively headbutt those who attack you in melee.


Message History

You block the iron golem's attack.
BONNNG!
You block the crystal guardian's attack.
PTOANNNG!
The crystal guardian fires a crystalline bolt at you.
The crystal bolt burns you! You resist.
* * * LOW HITPOINT WARNING * * *
The crystal guardian fires a crystalline bolt at you.
The crystal bolt freezes you. You resist.
* * * LOW HITPOINT WARNING * * *
The crystal bolt freezes you! You resist.
* * * LOW HITPOINT WARNING * * *
You feel very mighty all of a sudden.
The crystal guardian fires a crystalline bolt at you.
The crystal bolt burns the iron golem.
The iron golem completely resists.
The crystal bolt burns you. You resist.
Your resistance to physical damage fades away.
You feel protected from fire.
* * * LOW HITPOINT WARNING * * *
You feel much better.
The crystal guardian fires a crystalline bolt at you.
The crystal bolt freezes you! You resist.
* * * LOW HITPOINT WARNING * * *
The iron golem hits you!!
* * * LOW HITPOINT WARNING * * *
You block the iron golem's attack.
GONNNNG!
You feel much better.
You block the crystal guardian's attack.
BONNNG!
The crystal guardian fires a crystalline bolt at you.
The crystal bolt freezes the crystal guardian but does no damage.
The crystal bolt freezes you! You resist.
Your resistance to fire fades away.
You feel protected from cold.
* * * LOW HITPOINT WARNING * * *
The crystal bolt is repelled.
You block the iron golem's attack.
GONNNNG!
The iron golem hits you!!
You die...

▓..≈≈≈≈:..▓...}.))..▓
▓.§:°°§§..▓..†))†...▓
▓≈§°§§§§..▓.....†...▓
▓.§§°§§§.≈▓...†.....▓
▓≈≈§§§§§..▓.........▓
▓≈.≈.≈≈≈≈≈▓.........▓
▓...≈≈(9≈.▓.........▓
▓≈▓†..§9▓.▓....©....▓
▓....§99@.▓▓▓▓▓▓▓▓▓▓▓
▓▓▓▓▓▓▓▓▓▓▓


You could see 2 iron golems and 2 crystal guardians.

Vanquished Creatures
  A stone giant (D)
  A black draconian (D)
  A white draconian (D)
  A purple draconian (D)
  3 dancing weapons (D)
  A deep elf knight (D)
  A deep elf zephyrmancer (D)
  2 deep elf pyromancers (D)
  8 draconians (D)
  A naga mage (D)
  3 wind drakes (D)
  2 spriggans (D)
  4 air elementals (D)
  2 nagas (D)
  6 water moccasins (D)
  A hell hound (D)
  3 black bears (D)
  A wolf (D)
  5 earth elementals (D)
  2 jellies (D)
  2 adders (D)
  A white imp (D)
  An ufetubus (D)
  An adder skeleton (D)
  3 orcs (D)
  2 ball pythons (D)
  A ball python skeleton (D)
60 creatures vanquished.

Notes
Turn   | Place    | Note
-------+----------+-------------------------------------------
     0 | D        | wilfster70 the Minotaur Fighter began the quest for the
                  | Orb.
     0 | D        | Reached XP level 1. HP: 19/19 MP: 0/0
     0 | D        | Found a shimmering blue altar of Sif Muna.
     0 | D        | Found a bloodstained altar of Trog.
     0 | D        | Found a sacrificial altar of Ru.
     0 | D        | Found a stormy altar of Qazlal.
     0 | D        | Found an iron altar of Okawaru.
    24 | D        | Found a blossoming altar of Fedhas.
    24 | D        | Found the +6 Majin-Bo {vamp, MP+6 Int+6}
    24 | D        | Found the +9 heavy crossbow "Sniper" {vorpal, Acc+∞ SInv}
    24 | D        | Found the +10 dark maul {vorpal}
    24 | D        | Found the +15 Maxwell's patent armour {-Cast -Tele rElec
                  | Will+ rCorr}
    24 | D        | Found the +18 shield of the Gong {rElec rN+ Will+ EV-5}
    24 | D        | Found the +14 obsidian axe {vorpal, Mesm Drain Fly SInv}
    24 | D        | Found the +7 great mace "Firestarter" {inner flame, rF++}
    24 | D        | Found the +6 shillelagh "Devastator" {shatter}
    24 | D        | Found the +11 plutonium sword {Contam Stlth-}
    24 | D        | Found the +8 lance "Wyrmbane" {slay drac, rPois rF+ rC+
                  | AC+3}
    24 | D        | Found the +9 sword of Zonguldrok {reap}
    24 | D        | Found the +13 scythe of Curses {drain, Drain}
    24 | D        | Found the +5 sword of Power {vorpal}
    24 | D        | Found the +7 mace of Variability {chain chaos}
    24 | D        | Found the +7 Singing Sword {vorpal, sonic wave}
    24 | D        | Found the +8 storm bow {elec, penet}
    25 | D        | Found a viscous altar of Jiyva.
    25 | D        | Found a transporter.
    25 | D        | Found a hazy altar of Hepliaklqana.
    25 | D        | Found an ancient bone altar of Kikubaaqudgha.
    25 | D        | Found an opulent altar of Gozag.
    25 | D        | Found a corrupted altar of Lugonu.
    29 | D        | Found a burning altar of Makhleb.
    30 | D        | Found a sparkling altar of Nemelex Xobeh.
    57 | D        | Became a worshipper of Qazlal Stormbringer
    90 | D        | Entered arena 2.
    90 | D        | Noticed a jelly
    90 | D        | Noticed a jelly
    90 | D        | Found a transporter.
    92 | D        | Killed a jelly
    93 | D        | Reached skill level 5 in Fighting
    93 | D        | Reached skill level 5 in Polearms
    93 | D        | Reached skill level 2 in Invocations
    93 | D        | Reached XP level 2. HP: 29/29 MP: 0/2
    95 | D        | Reached skill level 3 in Invocations
    95 | D        | Reached XP level 3. HP: 30/37 MP: 0/4
   152 | D        | Entered arena 3.
   152 | D        | Found a transporter.
   157 | D        | Reached * piety under Qazlal
   170 | D        | Entered arena 4.
   170 | D        | Noticed a naga
   170 | D        | Noticed a water moccasin
   170 | D        | Found a transporter.
   176 | D        | Reached ** piety under Qazlal
   179 | D        | Killed a water moccasin
   180 | D        | Reached skill level 5 in Invocations
   180 | D        | Reached XP level 4. HP: 21/47 MP: 4/6
   180 | D        | Reached XP level 5. HP: 23/52 MP: 4/7
   186 | D        | Killed a naga
   187 | D        | Reached skill level 6 in Invocations
   187 | D        | Reached XP level 6. HP: 24/62 MP: 4/9
   384 | D        | Entered arena 5.
   384 | D        | Noticed a purple draconian
   384 | D        | Noticed a white draconian
   384 | D        | Noticed a draconian
   384 | D        | Noticed a draconian
   384 | D        | Found a transporter.
   389 | D        | Killed a draconian
   389 | D        | Reached *** piety under Qazlal
   390 | D        | Reached skill level 8 in Invocations
   390 | D        | Reached XP level 7. HP: 74/74 MP: 9/12
   394 | D        | Killed a draconian
   395 | D        | Reached skill level 10 in Invocations
   395 | D        | Reached XP level 8. HP: 85/85 MP: 9/14
   400 | D        | Killed a white draconian
   401 | D        | Reached skill level 12 in Invocations
   408 | D        | Killed a purple draconian
   409 | D        | Reached skill level 13 in Invocations
   409 | D        | Reached XP level 9. HP: 86/100 MP: 10/17
   416 | D        | Got the ring of Xom's Flight of Fancy {rF+ rC- Str+5}
   561 | D        | Entered arena 6.
   561 | D        | Found a transporter.
   564 | D        | Reached **** piety under Qazlal
   589 | D        | Entered arena 7.
   589 | D        | Noticed a wind drake
   589 | D        | Noticed a wind drake
   589 | D        | Noticed a wind drake
   589 | D        | Paralysed by an air elemental for 1 turns
   591 | D        | Killed a wind drake
   591 | D        | Reached ***** piety under Qazlal
   591 | D        | Killed a wind drake
   597 | D        | Paralysed by an air elemental for 1 turns
   602 | D        | Reached skill level 14 in Invocations
   603 | D        | Killed a wind drake
   604 | D        | Found a transporter.
   613 | D        | Got the Monograph on Frigid Profane Rituals
   673 | D        | Entered arena 8.
   674 | D        | Found a transporter.
   676 | D        | Reached XP level 10. HP: 111/111 MP: 10/19
   735 | D        | Entered arena 9.
   735 | D        | Found the +0 mask of the Dragon {Will+ Slay+3 SInv}
   735 | D        | Noticed a draconian
   735 | D        | Noticed a draconian
   735 | D        | Noticed a draconian
   735 | D        | Noticed a black draconian
   735 | D        | Noticed a draconian
   735 | D        | Noticed a draconian
   735 | D        | Noticed a draconian
   736 | D        | Found a transporter.
   742 | D        | Killed a draconian
   752 | D        | Killed a draconian
   753 | D        | Reached skill level 10 in Shields
   753 | D        | Reached skill level 15 in Invocations
   759 | D        | Killed a draconian
   761 | D        | Killed a draconian
   768 | D        | Killed a draconian
   779 | D        | Killed a draconian
   779 | D        | Reached ****** piety under Qazlal
   797 | D        | Killed a black draconian
   798 | D        | Reached skill level 16 in Invocations
   808 | D        | Got the Discourse on Flamy Filth
  1009 | D        | Entered arena 10.
  1009 | D        | Noticed a deep elf knight
  1009 | D        | Noticed a deep elf zephyrmancer
  1009 | D        | Noticed a +4 glaive of freezing
  1009 | D        | Noticed a deep elf pyromancer
  1009 | D        | Noticed a deep elf pyromancer
  1009 | D        | Noticed a +1 trident of pain
  1009 | D        | Noticed a +2 mace of draining
  1010 | D        | Killed a deep elf pyromancer
  1012 | D        | Killed a +2 mace of draining
  1013 | D        | Reached XP level 11. HP: 107/117 MP: 13/22
  1013 | D        | Killed a deep elf knight
  1013 | D        | Killed a deep elf pyromancer
  1013 | D        | Killed a +1 trident of pain
  1013 | D        | Killed a deep elf zephyrmancer
  1014 | D        | Reached skill level 17 in Invocations
  1017 | D        | Killed a +4 glaive of freezing
  1019 | D        | Found a transporter.
  1125 | D        | Entered arena 11.
  1128 | D        | Reached skill level 18 in Invocations
  1130 | D        | Found a transporter.
  1188 | D        | Got the Secrets of Grim Minerals
  1195 | D        | Entered arena 12.
  1195 | D        | Noticed an iron golem
  1195 | D        | Noticed an iron golem
  1195 | D        | Noticed a stone giant
  1195 | D        | Noticed a crystal guardian
  1196 | D        | Noticed a crystal guardian
  1198 | D        | Found a transporter.
  1204 | D        | Killed a stone giant
  1212 | D        | Demolished by an iron golem

Illustrated notes

Levels and vault maps discovered:
D:        sprint_v [room_start, room_1, room_2, room_3, room_4, room_5, room_6,
          room_7, room_8, room_9, room_10, room_11, room_12, room_13, room_14,
          room_15, room_16, room_17, room_18, room_19, room_20, room_21,
          room_22, room_23, room_24, room_25, room_26, room_27]

Skill      XL: |  1  2  3  4  5  6  7  8  9 10 11 |
---------------+----------------------------------+-----
Fighting       | 5 7 8 11 12 16 17 | 17.6
Polearms       | 5 6 9 11 12 | 12.0
Invocations    | 2 3 5 6 8 10 13 14 16 18 | 18.5
Shields        | 8 14 | 14.1
Evocations     | 3 9 |  9.1
Armour         | |  3.6

Action                   |  1- 3 |  4- 6 |  7- 9 | 10-12 || total
-------------------------+-------+-------+-------+-------++-------
Melee: Lance             |    20 |     8 |    38 |    63 ||   129
       Headbutt          |     3 |     2 |     3 |    13 ||    21
Invok: Upheaval          |       |       |     2 |       ||     2
       Disaster Area     |       |       |     1 |     6 ||     7
Evoke: Tin of tremorston |       |       |       |     2 ||     2
       Condenser vane    |       |       |       |     2 ||     2
  Use: Potion            |       |     1 |       |     4 ||     5
Armor: Gold dragon scale |     9 |     1 |    14 |    19 ||    43
Dodge: Repelled          |       |       |       |     1 ||     1
Block: Kite shield       |    25 |     9 |    26 |    74 ||   134

Table legend: (Time is in decaauts)
 A = Elapsed time spent in this place.
 B = Non-inter-level travel time spent in this place.
 C = Inter-level travel time spent in this place.
 D = Time resting spent in this place.
 E = Time spent auto-exploring this place.
 F = Levels seen in this place.
 G = Mean time per level.
                   A        B        C        D        E       F      G
               +--------+--------+--------+--------+--------+-----+--------+
         Total |   1179 |   1179 |      0 |    774 |      0 |   1 | 1179.0 |
       Dungeon |   1179 |   1179 |      0 |    774 |      0 |   1 | 1179.0 |
               +--------+--------+--------+--------+--------+-----+--------+

Top non-repeatable levels by time:
       D: 1179 daAuts
